 Dungeon Crawl Stone Soup version 0.30.1-11-g7821555f0a (webtiles) character file.

Game seed: 2272153797902422198

2 KyoPewz the Vexing (level 1, 0/7 HPs)
             Began as a Felid Enchanter on Jan 2, 2024.
             Constricted to death by a ball python (1 damage)
             ... on level 1 of the Dungeon.
             The game lasted 00:00:09 (62 turns).

KyoPewz the Vexing (Felid Enchanter)                  Turns: 62, Time: 00:00:10

Health: 0/7        AC:  1    Str:  4    XL:     1   Next: 25%
Magic:  4/4        EV: 14    Int: 16    God:
Gold:   5          SH:  0    Dex: 16    Spells: 4/4 levels left
                                        Lives:  0   Deaths: 0

rFire   . .          .
                       - Unarmed
rCold   . . .        (shield unavailable)
rNeg    . . .        (body armour unavailable)
rPois   .            (helmet unavailable)
rElec   .            (cloak unavailable)
rCorr   .            (gloves unavailable)
SInv    +            (boots unavailable)
Will    .....        (no amulet)
Stlth   +++          (no ring)
HPRegen 0.21/turn    (no ring)
MPRegen 0.09/turn

%: no passive effects
@: constricted, quick
A: very small, claws 1, fangs 3, see invisible, speed 1, shaggy fur 1, stealthy
paws, no weapons or thrown items, no armour, multi-lived
a: no special abilities


You were on level 1 of the Dungeon.
You visited 1 branch of the dungeon, and saw 1 of its levels.

You collected 5 gold pieces.

Inventory:

Potions
 a - 2 potions of invisibility


   Skills:
 - Level 2.6 Dodging
 + Level 4.2 Stealth
 - Level 1.0 Unarmed Combat
 - Level 2.0 Spellcasting
 - Level 4.4 Hexes


You had 4 spell levels left.
You didn't know any spells.
Your spell library contained the following spells:

 Spells                   Type           Power      Damage    Failure   Level
 Confusing Touch          Hex            15%        N/A       11%         3
 Tukima's Dance           Hex            15%        N/A       11%         3
 Ensorcelled Hibernation  Hex/Ice        16%        N/A       13%         2
 Dazzling Flash           Conj/Hex       16%        N/A       26%         3


Dungeon Overview and Level Annotations

Branches:
Dungeon (1/15)

Altars:


Innate Abilities, Weirdness & Mutations

You have sharp claws.
You have razor-sharp teeth.
You have supernaturally acute eyesight. (SInv)
You cover ground quickly. (Speed+)
You are covered in fur. (AC +1)
Your paws help you pounce on unaware monsters.
You are incapable of wielding weapons or throwing items.
You cannot wear armour.
You gain extra lives every three experience levels.


Message History

Lua error: /dgldir/rcfiles/crawl-0.30/KyoPewz.rc:51: attempt to concatenate field 'overwrite_tile' (a nil value) Welcome, KyoPewz the Felid Enchanter.
It's a long way down to the Orb of Zot, but that shouldn't be any trouble.
Press ? for a list of commands and other information.
Found a staircase leading out of the dungeon.
A rat comes into view.
The helpless rat fails to defend itself.
You claw the rat!
You kill the rat!
You see here a rat corpse.
A ball python comes into view.
The helpless ball python fails to defend itself.
You claw the ball python!
You kill the ball python!
You see here a ball python corpse.
You see here 4 stones.
You now have 5 gold pieces.
You see here 4 stones.
A ball python comes into view.
The ball python hisses angrily.
You closely miss the ball python. The ball python bites you.
The ball python grabs you. The ball python constricts you.
You take 2 damage, and have 5/7 hp.
MASSIVE DAMAGE!!
You closely miss the ball python. The ball python closely misses you.
The ball python constricts you.
You take 1 damage, and have 4/7 hp.
You closely miss the ball python. The ball python bites you.
The ball python constricts you.
* * * LOW HITPOINT WARNING * * *
You take 2 damage, and have 2/7 hp.
MASSIVE DAMAGE!!
You are too injured to fight recklessly!
You are too injured to fight recklessly!
You are too injured to fight recklessly!
You barely miss the ball python. The ball python barely misses you.
The ball python constricts you.
* * * LOW HITPOINT WARNING * * *
The ball python closely misses you. The ball python constricts you.
You die...

#.# #†# #.# #.#
#.# #.# #(#
####.#######
#.###...........
#....†##.#######
. ########.#
....#######.#
......S@....#
....######### .


You could see a ball python.

Vanquished Creatures
  A ball python (D:1)
  A rat (D:1)
2 creatures vanquished.

Notes
Turn   | Place    | Note
-------+----------+-------------------------------------------
     0 | D:1      | KyoPewz the Felid Enchanter began the quest for the Orb.
     0 | D:1      | Reached XP level 1. HP: 7/7 MP: 4/4
    62 | D:1      | Constricted to death by a ball python

Illustrated notes

Levels and vault maps discovered:
D:1:      dreamdust_arrival_beginning_and_end, layout_loops_ring, serial_bayou,
          serial_bayou_shore_b, serial_bayou_pond_d, serial_bayou_pond_b,
          serial_bayou_shore_b

Action                     || total
---------------------------++-------
  Melee: Unarmed           ||     6
   Stab: Sleeping          ||     2
  Dodge: Dodged            ||     3
